 Dungeon Sprint DCSS version 0.32-a0-791-gfc315c9ecd (webtiles) character file.

Game seed: 4633760776626745785

1489 wilfster70 the Spry (level 8, -10/36 HPs)
             Began as a Spriggan Enchanter on Mar 20, 2024.
             Was an Initiate of Dithmenos.
             Shot with an arrow by a centaur warrior (15 damage)
             ... in the Dungeon (Sprint I: "Red Sonja").
             The game lasted 00:02:24 (228 turns).

wilfster70 the Spry (Spriggan Enchanter)             Turns: 228, Time: 00:02:25

Health: -10/36     AC:  3    Str:  4    XL:     8   Next: 51%
Magic:  15/15      EV: 26    Int: 19    God:    Dithmenos [......]
Gold:   542        SH:  0    Dex: 15    Spells: 10/15 levels left

rFire   . . .        a - +1 dagger
rCold   . . .        (no shield)
rNeg    . . .        k - +0 troll leather armour
rPois   .            (helmet restricted)
rElec   .            (no cloak)
rCorr   .            (gloves unavailable)
SInv    +            (boots unavailable)
Will    +....        (no amulet)
Stlth   +++          (no ring)
HPRegen 1.06/turn    (no ring)
MPRegen 0.14/turn

%: no teleportation
@: very quick
A: very small, no large weapons, unfitting armour, see invisible, speed 3
a: Renounce Religion


You were in the Dungeon.
You worshipped Dithmenos.
Dithmenos was noncommittal.
You visited 1 branch You collected 542 gold pieces.

Inventory:

Hand Weapons
 a - a +1 dagger (weapon)
Armour
 b - a +0 robe
 k - a +0 troll leather armour (worn)
Wands
 h - a wand of flame (23)
Scrolls
 i - a scroll of blinking
 j - a scroll of fear {unknown}
Potions
 c - 2 potions of invisibility
 d - a potion of curing
 e - a potion of heal wounds
 f - a potion of haste
 g - 2 potions of magic
 l - 2 potions of mutation {unknown}


   Skills:
 - Level 10.0 Short Blades
 + Level 19.6 Dodging
 - Level 4.4 Stealth
 - Level 4.0 Spellcasting
 - Level 8.0 Hexes


You had 10 spell levels left.
You knew the following spells:

 Your Spells              Type           Power      Damage    Failure   Level
a - Ensorcelled Hibernat  Hex/Ice        38%        N/A       7%          2
b - Confusing Touch       Hex            34%        N/A       2%          3

Your spell library contained the following spells:

 Spells                   Type           Power      Damage    Failure   Level
 Tukima's Dance           Hex            34%        N/A       2%          3
 Dazzling Flash           Conj/Hex       38%        N/A       14%         3


Dungeon Overview and Level Annotations

Branches:
Dungeon (1/1)

Altars:
Cheibriados
Dithmenos
Elyvilon
Fedhas
Gozag
Hepliaklqana
Kikubaaqudgha
Nemelex Xobeh
Okawaru
Qazlal
Ru
Sif Muna
Trog
Uskayaw
Vehumet
Wu Jian
Yredelemnul
Zin
The Shining One

Shops:
D (


Innate Abilities, Weirdness & Mutations

You are very small and have problems with some larger weapons.
You are too small for most types of armour.
You have supernaturally acute eyesight. (SInv)
You cover ground extremely quickly. (Speed+++)


Message History

You continue putting on your +0 troll leather armour. x5
You finish putting on your +0 troll leather armour.
The armour throbs as it attunes itself to your uninjured body.
You start resting.
Magic restored.
There is an open door here.
You now have 432 gold pieces (gained 27).
You now have 459 gold pieces (gained 27).
You now have 486 gold pieces (gained 27).
You now have 513 gold pieces (gained 27).
You open the door.
Found 29 gold pieces.
Found 2 metallic golden potions and a rapier.
There is an open door here.
You now have 525 gold pieces (gained 12).
You now have 542 gold pieces (gained 17).
l - 2 metallic golden potions You open the door. 2 centaur warriors come into view.
Found a scroll labelled RARREB XAITUI and a sling.
There is an open door here.
You enter the shallow water.
Moving in this stuff is going to be slow.
The centaur warrior shouts!
The centaur warrior wields a +0 orcbow.
The centaur warrior shoots an arrow.
The arrow barely misses you.
The centaur warrior shouts!
The centaur warrior wields a +0 orcbow.
The centaur warrior shoots an arrow.
The arrow misses you.
There is an open door here.
Which direction?
You close the door.
Something unseen breaks down the door.
The centaur warrior shoots an arrow.
The arrow hits you!
There is an open door, spattered with blood here.
The centaur warrior shouts!
The centaur warrior shoots an arrow.
The arrow hits you!!
Ouch! That really hurt!
* * * LOW HITPOINT WARNING * * *
The centaur warrior shoots an arrow.
The arrow hits you!
You die...

#..#####'#####'# ###
#..####..#...#!####?§#
#..#__####..##)#§§c§c#
#..#_____##'#_.+~~§c.+
#⌠⌠#_.∩...'..._#~~c..#
####_..__##_.#'##'####
#_____###†#.#...)#
#########.####'###
......'...'.@...+
+++####.).#######
##.## #+#


You could see 2 centaur warriors.

Vanquished Creatures
  Sonja (D)
  A deep troll (D)
  Sigmund (D)
  A yak (D)
  An ogre (D)
  A jelly (D)
  Ijyb (D)
7 creatures vanquished.

Notes
Turn   | Place    | Note
-------+----------+-------------------------------------------
     0 | D        | wilfster70 the Spriggan Enchanter began the quest for the
                  | Orb.
     0 | D        | Reached XP level 1. HP: 9/9 MP: 5/5
     1 | D        | Noticed Ijyb
    10 | D        | Killed Ijyb
    11 | D        | Reached skill level 4 in Dodging
    11 | D        | Reached skill level 5 in Hexes
    11 | D        | Reached XP level 2. HP: 9/13 MP: 6/8
    37 | D        | Learned a level 2 spell: Ensorcelled Hibernation
    39 | D        | Noticed an ogre
    41 | D        | Killed an ogre
    42 | D        | Reached skill level 5 in Short Blades
    42 | D        | Reached skill level 7 in Dodging
    42 | D        | Reached XP level 3. HP: 16/16 MP: 9/9
    42 | D        | Reached XP level 4. HP: 21/21 MP: 11/11
    46 | D        | Learned a level 3 spell: Confusing Touch
    53 | D        | Noticed Sigmund
    56 | D        | Killed Sigmund
    57 | D        | Reached skill level 10 in Dodging
    57 | D        | Reached XP level 5. HP: 24/24 MP: 12/12
    57 | D        | Reached XP level 6. HP: 28/28 MP: 13/13
    68 | D        | Found a shimmering blue altar of Sif Muna.
    69 | D        | Found an ornate altar of the Wu Jian Council.
    70 | D        | Found a radiant altar of Vehumet.
    95 | D        | Found Kechoeck's Antique Weapon Emporium.
    95 | D        | Found an ancient bone altar of Kikubaaqudgha.
    95 | D        | Found a hazy altar of Hepliaklqana.
    95 | D        | Found a hide-covered altar of Uskayaw.
    95 | D        | Found a basalt altar of Yredelemnul.
    95 | D        | Found an opulent altar of Gozag.
    95 | D        | Found a snail-covered altar of Cheibriados.
    95 | D        | Found a sacrificial altar of Ru.
    95 | D        | Found a shadowy altar of Dithmenos.
    95 | D        | Noticed a yak
    96 | D        | Found a stormy altar of Qazlal.
    96 | D        | Found a blossoming altar of Fedhas.
    96 | D        | Found a bloodstained altar of Trog.
    96 | D        | Found an iron altar of Okawaru.
    96 | D        | Found a glowing golden altar of the Shining One.
    96 | D        | Found a glowing silver altar of Zin.
    96 | D        | Found a white marble altar of Elyvilon.
    97 | D        | Killed a yak
    98 | D        | Reached skill level 12 in Dodging
    98 | D        | Found a sparkling altar of Nemelex Xobeh.
   104 | D        | Became a worshipper of Dithmenos the Shadowed
   113 | D        | Noticed Sonja
   117 | D        | Killed Sonja
   118 | D        | Reached skill level 10 in Short Blades
   118 | D        | Reached skill level 17 in Dodging
   118 | D        | Reached XP level 7. HP: 32/32 MP: 14/14
   132 | D        | Noticed a deep troll
   144 | D        | Killed a deep troll
   145 | D        | Reached skill level 19 in Dodging
   145 | D        | Reached XP level 8. HP: 36/36 MP: 7/15
   222 | D        | Noticed a centaur warrior
   222 | D        | Noticed a centaur warrior
   228 | D        | Shot with an arrow by a centaur warrior

Illustrated notes

Levels and vault maps discovered:
D:        dungeon_sprint_1 [red_sonja_temple_1, red_sonja_temple_small_1]

Skill      XL: |  1  2  3  4  5  6  7 |
---------------+----------------------+-----
Short Blades   | 3 5 8 10 | 10.0
Dodging        | 4 7 10 17 19 | 19.6
Spellcasting   | 4 |  4.0
Hexes          | 5 7 8 |  8.0
Stealth        | |  4.4

Action                     |  1- 3 |  4- 6 |  7- 9 || total
---------------------------+-------+-------+-------++-------
  Melee: Dagger            |     7 |     4 |     1 ||    12
   Cast: Ensorcelled Hiber |       |       |     4 ||     4
    Use: Potion            |     1 |       |       ||     1
   Stab: Sleeping          |     1 |     4 |     1 ||     6
 Armour: Robe              |     2 |       |       ||     2
         Troll leather arm |       |       |     3 ||     3
  Dodge: Dodged            |     3 |       |     2 ||     5

Table legend: (Time is in decaauts)
 A = Elapsed time spent in this place.
 B = Non-inter-level travel time spent in this place.
 C = Inter-level travel time spent in this place.
 D = Time resting spent in this place.
 E = Time spent auto-exploring this place.
 F = Levels seen in this place.
 G = Mean time per level.
                   A        B        C        D        E       F      G
               +--------+--------+--------+--------+--------+-----+--------+
         Total |    197 |    197 |      0 |     71 |      0 |   1 |  197.0 |
       Dungeon |    197 |    197 |      0 |     71 |      0 |   1 |  197.0 |
               +--------+--------+--------+--------+--------+-----+--------+

Top non-repeatable levels by time:
       D: 197 daAuts
